 Dungeon Crawl Stone Soup version 0.27-a0-681-g0c81a3c1c3 (webtiles) character file.

Game seed: 2779177145274953517

224 sizableburger the Shooter (level 6, -4/51 HPs)
             Began as a Human Hunter on Mar 19, 2021.
             Slain by a sky beast (5 damage)
             ... on level 5 of the Dungeon.
             The game lasted 00:05:23 (2348 turns).

sizableburger the Shooter (Human Hunter)            Turns: 2348, Time: 00:05:24

Health: -4/51      AC:  6    Str: 12    XL:     6   Next: 20%
Magic:  6/6        EV: 12    Int: 12    God:
Gold:   53         SH:  0    Dex: 13    Spells: 5/5 levels left

rFire    . . .     SeeInvis .   b - +0 short sword
rCold    . . .     Faith    .   (no shield)
rNeg     . . .     Spirit   .   c - +0 leather armour
rPois    .         Reflect  .   (no helmet)
rElec    .         Harm     .   f - +1 cloak
rCorr    .         Rampage  .   (no gloves)
Will     .....                  (no boots)
Stlth    +.........             (no amulet)
HPRegen  0.17/turn              (no ring)
MPRegen  0.10/turn              (no ring)

@: no status effects
A: robust 1, shaggy fur 1, weak 1
a: no special abilities


You were on level 5 of the Dungeon.
You visited 1 branch of the dungeon, and saw 4 of its levels.

You collected 53 gold pieces.

Inventory:

Hand Weapons
 a - a +2 shortbow
 b - a +0 short sword (weapon)
Armour
 c - a +0 leather armour (worn)
 f - a +1 cloak (worn)


   Skills:
 + Level 3.4 Fighting
 + Level 2.5 Short Blades
 + Level 4.9 Bows
 + Level 3.4 Dodging
 - Level 1.0 Stealth


You had 5 spell levels left.
You didn't know any spells.
Your spell library contained the following spells:

 Spells                   Type           Power      Damage    Failure   Level
 Animate Skeleton         Necr           0%         N/A       38%         1
 Apportation              Tloc           0%         N/A       38%         1
 Corona                   Hex            0%         N/A       38%         1
 Summon Small Mammal      Summ           0%         N/A       38%         1


Dungeon Overview and Level Annotations

Branches:
Dungeon (5/15)
 Temple: D:4-7

Altars:


Innate Abilities, Weirdness & Mutations

You are robust. (+10% HP)
You are covered in fur. (AC +1)
You are weak. (Str -2)


Message History

You aren't carrying any potions.
You aren't carrying any scrolls.
Nothing quivered!
Unknown command.
The adder bites you.
* * * LOW HITPOINT WARNING * * *
You are poisoned.
The adder poisons you!
There is an escape hatch in the floor here.
You feel sick. The adder barely misses you.
You slide downwards.
The hatch slams shut behind you.
A sky beast comes into view.
You aren't carrying any scrolls.
Unknown command.
The adder bites you.
* * * LOW HITPOINT WARNING * * *
You aren't carrying any potions.
You aren't carrying any scrolls.
Unknown command.
You closely miss the adder.
You feel sick. The adder bites you but does no damage.
You barely miss the adder. The adder barely misses you.
You barely miss the adder. The adder barely misses you.
You miss the adder. The adder barely misses you. The adder misses you.
You miss the adder.
You feel sick. The adder misses you.
You hit the adder but do no damage. The adder closely misses you.
The sky beast closely misses you.
You hit the adder but do no damage. The adder bites you but does no damage.
The sky beast closely misses you.
You miss the adder. The adder bites you but does no damage.
The adder barely misses you.
The sky beast hits you but does no damage.
You miss the adder.
You feel sick.
You are no longer poisoned.
The adder bites you.
* * * LOW HITPOINT WARNING * * *
The sky beast hits you.
* * * LOW HITPOINT WARNING * * *
The sky beast shocks you.
You die...

##########
#.......@#
#......YS#
#........#
#........#
#........#
#........#
..........
..##...####
. ....


You could see a sky beast and an adder.

Vanquished Creatures
  A scorpion (D:4)
  A bullfrog skeleton (D:4)
  A hound (D:4)
  An orc priest (D:4)
  An orc wizard (D:4)
  An ooze (D:4)
  2 worms (D:2)
  3 dart slugs (D:1)
  A leopard gecko (D:1)
  6 orcs (D:4)
  2 giant cockroaches (D:1)
  3 goblins (D:1)
  5 hobgoblins
  2 jackals (D:1)
  3 kobolds (D:1)
  A quokka (D:1)
  3 bats (D:1)
  2 frilled lizards
  6 rats
45 creatures vanquished.

Vanquished Creatures (others)
  5 plants (D:1)
5 creatures vanquished.

Grand Total: 50 creatures vanquished

Notes
Turn   | Place    | Note
-------+----------+-------------------------------------------
     0 | D:1      | sizableburger the Human Hunter began the quest for the Orb.
     0 | D:1      | Reached XP level 1. HP: 16/16 MP: 1/1
    38 | D:1      | Reached XP level 2. HP: 2/22 MP: 2/2
   777 | D:1      | Reached XP level 3. HP: 8/28 MP: 3/3
  1063 | D:1      | Reached skill level 1 in Short Blades
  2063 | D:2      | You fall into a shaft and drop 2 floors!
  2072 | D:4      | Reached XP level 4. HP: 33/34 MP: 4/4
  2079 | D:4      | Reached XP level 5. HP: 29/40 MP: 5/5
  2318 | D:4      | Reached XP level 6. HP: 12/47 MP: 6/6
  2323 | D:4      | Gained mutation: You are robust. (+10% HP) [potion of
                  | mutation]
  2323 | D:4      | Gained mutation: You are weak. (Str -2) [potion of
                  | mutation]
  2323 | D:4      | Gained mutation: You are covered in fur. (AC +1) [potion of
                  | mutation]
  2337 | D:5      | Entered Level 5 of the Dungeon
  2337 | D:5      | Noticed a sky beast
  2348 | D:5      | HP: 1/51 [sky beast (4)]
  2348 | D:5      | Slain by a sky beast

Illustrated notes

Levels and vault maps discovered:
D:1:      shiori_arrival_maze, layout_rooms, serial_forest,
          infiniplex_forest_clump_long, infiniplex_forest_lined_3,
          infiniplex_forest_straight_2, infiniplex_forest_clump_curved,
          infiniplex_forest_clump_double, infiniplex_forest_lined_ring,
          infiniplex_forest_end_2, infiniplex_forest_end_1, st_stairs_7,
          minmay_tetromino_o2
D:2:      layout_basic, tso_metal_star
D:4:      gammafunk_wand_slinger, layout_loops_ring,
          minmay_temple_entry_slanted, uniq_crazy_yiuf_cottage,
          uniq_blork_the_orc
D:5:      layout_basic, serial_shops, nicolae_shop_crystal,
          kennysheep_little_box, nicolae_shop_window_shopping, shop,
          minivault_11, uniq_ijyb

Skill      XL: |  1  2  3  4  5 |
---------------+----------------+-----
Short Blades   | 1 2 |  2.5
Fighting       | 3 |  3.4
Dodging        | 3 |  3.4
Bows           | |  4.9
Stealth        | |  1.0

Action                   |  1- 3 |  4- 6 || total
-------------------------+-------+-------++-------
Melee: Short sword       |    52 |    24 ||    76
 Fire: Shortbow          |    69 |    37 ||   106
  Use: Scroll            |       |     4 ||     4
       Potion            |       |     3 ||     3
 Stab: Sleeping          |     1 |       ||     1
Armor: Leather armour    |    37 |     9 ||    46
Dodge: Dodged            |    82 |    26 ||   108

Table legend: (Time is in decaauts)
 A = Elapsed time spent in this place.
 B = Non-inter-level travel time spent in this place.
 C = Inter-level travel time spent in this place.
 D = Time resting spent in this place.
 E = Time spent auto-exploring this place.
 F = Levels seen in this place.
 G = Mean time per level.
                   A        B        C        D        E       F      G
               +--------+--------+--------+--------+--------+-----+--------+
         Total |   2349 |   2297 |     52 |    875 |   1015 |   4 |  587.2 |
       Dungeon |   2349 |   2297 |     52 |    875 |   1015 |   4 |  587.2 |
               +--------+--------+--------+--------+--------+-----+--------+

Top non-repeatable levels by time:
     D:1: 1615 daAuts
     D:2: 448 daAuts
     D:4: 274 daAuts
     D:5: 10 daAuts
